Map: Mech Depot LE

Players

Mulehammer

  • Race: Terran Terran
  • Spawn Location: 1:00

A.I. 1 (Very Easy) - Winner!

  • Race: Zerg Zerg
  • Spawn Location: 7:00

VOD

Have the link to the VOD?

Description

Time

  • Played on: Aug. 22, 2017, 7:21 a.m.
  • Length: 4:46
Show
View Real Time Build Order
Export as new Build Order

Mulehammer Terran 

Build Orders: 1/1/1, Reaper Expand 

Get SALT Encoding   

  12  0:01  SCV  
  13  0:13  SCV  
  14  0:19  Supply Depot  
  14  0:25  SCV  
  15  0:29  Refinery  
  15  0:40  SCV  
  16  0:45  Barracks  
  16  0:52  SCV  
  17  1:04  SCV  
  18  1:16  SCV  
  19  1:32  Reaper, Orbital Command  
  20  1:46  Command Center  
  20  1:53  Factory  
  20  1:57  SCV  
  21  2:07  Barracks Reactor  
  21  2:09  SCV  
  21  2:10  Refinery  
  22  2:15  Supply Depot  
  22  2:21  SCV  
  23  2:37  SCV, Widow Mine  
  26  2:44  Starport  
  26  2:46  Marine x2  
  26  2:49  SCV  
  29  2:57  Orbital Command  
  29  3:01  SCV  
  29  3:04  Marine x2  
  29  3:05  Widow Mine  
  32  3:11  Supply Depot  
  34  3:13  SCV  
  35  3:21  Viking  
  35  3:24  SCV  
  35  3:25  SCV  
  39  3:31  Marine x2  
  41  3:34  Supply Depot  
  41  3:38  SCV  
  41  3:39  SCV  
  43  3:49  Marine x2  
  43  3:50  SCV  
  43  3:52  SCV  
  47  3:57  Barracks  
  47  3:58  Barracks  
  47  4:02  SCV  
  48  4:03  Supply Depot  
  48  4:05  SCV  
  48  4:08  Marine x2  
  51  4:10  Factory Tech Lab  
  51  4:12  Starport Tech Lab  
  51  4:14  SCV  
  52  4:18  SCV  
  53  4:25  Marine  
  53  4:26  SCV, Marine  
  53  4:30  SCV, Supply Depot  
Show
View Real Time Build Order
Export as new Build Order

A.I. 1 (Very Easy) Zerg - Winner!

Build Orders: Pool Only 

Get SALT Encoding   

  12  0:01  Drone  
  13  0:12  Overlord  
  13  0:17  Drone  
  14  0:36  Spawning Pool  
  14  0:37  Extractor  
  14  0:39  Drone  
  13  0:47  Drone  
  14  0:53  Overlord  
  14  1:23  Zergling x2, Queen  
  17  1:32  Roach Warren  
  16  1:36  Drone  
  17  1:40  Extractor  
  17  1:44  Drone  
  17  1:49  Zergling x2  
  18  2:03  Drone  
  19  2:10  Drone  
  19  2:14  Zergling x2  
  21  2:18  Drone  
  22  2:29  Overlord  
  22  2:33  Drone  
  23  2:40  Roach, Drone  
  26  2:47  Drone  
Tags
 
Add a new tag
Caveats
  • Supply blocks, unpowered buildings, or Contaminate may cause inaccurate times.
  • Supply counts are checked every 10 seconds.